 Dungeon Crawl Stone Soup version 0.27.0-1-g7a089689b8 (webtiles) character file.

Game seed: 17994770266396923359

11 SnakkuSnakku7 the Sneak (level 2, -1/17 HPs)
             Began as a Gargoyle Enchanter on Aug 15, 2021.
             Slain by a kobold (2 damage)
             ... on level 1 of the Dungeon.
             The game lasted 00:00:52 (579 turns).

SnakkuSnakku7 the Sneak (Gargoyle Enchanter)         Turns: 579, Time: 00:00:53

Health: -1/17      AC:  4    Str: 11    XL:     2   Next: 25%
Magic:  2/5        EV: 11    Int: 15    God:
Gold:   6          SH:  0    Dex: 10    Spells: 2/5 levels left

rFire    . . .     SeeInvis .   a - +1 dagger
rCold    . . .     Faith    .   (no shield)
rNeg     + . .     Spirit   .   b - +0 robe
rPois    ∞         Reflect  .   (no helmet)
rElec    +         Harm     .   (no cloak)
rCorr    .         Rampage  .   (no gloves)
Will     .....                  (no boots)
Stlth    ++........             (no amulet)
HPRegen  0.05/turn              (no ring)
MPRegen  0.09/turn              (no ring)

@: no status effects
A: sickness immunity, AC +2, negative energy resistance 1, electricity
resistance, torment resistance 1, petrification resistance
a: no special abilities


You were on level 1 of the Dungeon.
You visited 1 branch of the dungeon, and saw 1 of its levels.

You collected 6 gold pieces.

Inventory:

Hand Weapons
 a - a +1 dagger (weapon)
Armour
 b - a +0 robe (worn)
Potions
 c - a potion of cancellation {unknown}


   Skills:
 + Level 2.0 Fighting
 - Level 0.8 Short Blades
 - Level 1.5 Dodging
 - Level 3.2 Stealth
 - Level 2.0 Spellcasting
 - Level 2.6 Hexes


You had 2 spell levels left.
You knew the following spells:

 Your Spells              Type           Power      Damage    Failure   Level
a - Corona                Hex            10%        N/A       8%          1
b - Ensorcelled Hibernat  Hex/Ice        10%        N/A       19%         2

Your spell library contained the following spells:

 Spells                   Type           Power      Damage    Failure   Level
 Confusing Touch          Hex            9%         N/A       22%         3
 Tukima's Dance           Hex            9%         N/A       22%         3
 Dazzling Flash           Conj/Hex       10%        N/A       36%         3


Dungeon Overview and Level Annotations

Branches:
Dungeon (1/15)

Altars:


Innate Abilities, Weirdness & Mutations

You are immune to sickness and miasma.
Your stone body is resilient. (AC +2)
You are immune to poison.
You resist negative energy. (rN+)
You are resistant to electric shocks. (rElec)
You are resistant to unholy torment.
You are immune to petrification.


Message History

You closely miss the kobold.
The kobold is moderately wounded.
The kobold hits you with a +0 whip.
Casting: Corona (safe; 8% risk of failure)
Confirm with . or Enter, or press ? or * to list all spells.
Aiming: Corona (safe; 8% risk of failure)
Press: ? - help, Shift-Dir - straight line, f - kobold
Aim: a kobold, wielding a +0 whip (moderately wounded, chance to affect: 62%)
The kobold struggles to resist.
The kobold barely misses you.
You miss the kobold.
The kobold is moderately wounded.
The kobold closely misses you.
Casting: Corona (safe; 8% risk of failure)
Confirm with . or Enter, or press ? or * to list all spells.
Aiming: Ensorcelled Hibernation (safe; 19% risk of failure)
Press: ? - help, Shift-Dir - straight line, f/p - kobold
Aim: a kobold, wielding a +0 whip (moderately wounded, chance to affect: 54%)
The kobold resists with significant effort.
The kobold closely misses you.
Unknown command.
Casting: Ensorcelled Hibernation (safe; 19% risk of failure)
Confirm with . or Enter, or press ? or * to list all spells.
You don't have enough magic to cast this spell.
Unknown command.
Unknown command.
You hit the kobold but do no damage.
The kobold is moderately wounded.
The kobold hits you with a +0 whip.
* * * LOW HITPOINT WARNING * * *
You hit the kobold.
The kobold is heavily wounded.
The kobold closely misses you.
You hit the kobold but do no damage.
The kobold is moderately wounded.
The kobold hits you with a +0 whip.
* * * LOW HITPOINT WARNING * * *
You closely miss the kobold.
The kobold is moderately wounded.
The kobold hits you with a +0 whip.
You die...

### #.# #.. .#
..#####.# #.#
#..#....# #.#
##..†########.####
#.............†..#
..###########.##.#
......# #.##g#
#####..# #.##K# #
## . .K##@# #...
.###.# .... .. ###
.... #J .... ....
.... #... ####


You could see a hobgoblin and a kobold.

Vanquished Creatures
  A dart slug (D:1)
  2 goblins (D:1)
  2 jackals (D:1)
  A kobold (D:1)
  A bat (D:1)
  A rat (D:1)
8 creatures vanquished.

Notes
Turn   | Place    | Note
-------+----------+-------------------------------------------
     0 | D:1      | SnakkuSnakku7 the Gargoyle Enchanter began the quest for
                  | the Orb.
     0 | D:1      | Reached XP level 1. HP: 10/10 MP: 3/3
   266 | D:1      | Reached skill level 1 in Fighting
   333 | D:1      | Reached XP level 2. HP: 8/17 MP: 3/5
   368 | D:1      | Learned a level 2 spell: Ensorcelled Hibernation
   579 | D:1      | Slain by a kobold

Illustrated notes

Levels and vault maps discovered:
D:1:      minmay_arrival_stone_box, layout_rooms, shapermc_ecumenical_altar_venn

Skill      XL: |  1  2 |
---------------+-------+-----
Fighting       | 1 2 |  2.0
Short Blades   | |  0.8
Dodging        | |  1.5
Stealth        | |  3.2
Spellcasting   | |  2.0
Hexes          | |  2.6

Action                   || total
-------------------------++-------
Melee: Dagger            ||    40
 Cast: Corona            ||     7
       Ensorcelled Hiber ||     1
Armor: Robe              ||     7
Dodge: Dodged            ||    23
